[Event "Titled Tuesday Blitz July 11 Early 2023"]
[White "Adireddy Arjun"]
[Black "Goldin, Alexander"]
[WhiteFideId "25647709"]
[BlackFideId "2019540"]
[WhiteElo "2344"]
[BlackElo "2606"]
[Result "0-1"]
[Round "1"]
[TimeControl "180+2"]
[Date "2023.07.11"]
[WhiteClock "0:00:03"]
[BlackClock "0:00:09"]
[Board "135"]

1. e4 e5 2. Nf3 Nc6 3. Bb5 a6 4. Ba4 d6 5. O-O Bd7 6. c3 Nge7 7. d4 Ng6 8. Re1 Be7 9. Nbd2 h6 10. Nf1 Bg5 11. d5 Nb8 12. Bxd7+ Nxd7 13. Nxg5 hxg5 14. Qg4 f6 15. g3 Nc5 16. b4 Nd3 17. Rd1 Nxc1 18. Raxc1 Qd7 19. Ne3 Qxg4 20. Nxg4 a5 21. b5 Nf8 22. Kg2 Nd7 23. f3 Kf7 24. Ne3 g6 25. g4 Rh7 26. h3 a4 27. c4 Nc5 28. Rd2 a3 29. Rb1 b6 30. Kg3 Ra4 31. Kg2 Nb7 32. Kg3 Na5 33. Rc2 Ke7 34. Rc3 Kd7 35. Kg2 Nb7 36. Kg3 Nc5 37. Kg2 Rh8 38. Kg3 Rha8 39. Kg2 Ke7 40. Kg3 Kf7 41. Kg2 Nd7 42. Kg3 Ke7 43. Kg2 Rh8 44. Kg3 Nc5 45. Kg2 Nb7 46. Kg3 Nd8 47. Kg2 Nf7 48. Kg3 Nh6 49. Rbb3 Rha8 50. Nc2 f5 51. Rxa3 fxe4 52. fxe4 Ng8 53. Rxa4 Rxa4 54. a3 Nf6 55. Kf3 Ra8 56. Ke3 Rh8 57. Ne1 Rxh3+ 58. Nf3 Nxg4+ 59. Ke2 Nf6 60. Re3 g4 61. Ng5 Rh2+ 62. Kd3 Ra2 63. Re1 Rxa3+ 64. Kc2 g3 65. Rg1 Nh5 66. Ne6 Nf4 67. Nxc7 g2 68. Kd2 Ra2+ 69. Ke3 Nh3 70. Re1 g1=Q+ 71. Rxg1 Nxg1 72. Ne6 Nh3 73. Kf3 Nf4 74. Nxf4 exf4 75. Kxf4 Kf6 0-1


[Site "https://www.chess.com"]

[Event "Titled Tuesday Blitz July 11 Early 2023"]
[White "HamedWafa4"]
[Black "Rosenberg, Evan S"]
[BlackFideId "2019299"]
[WhiteElo "2605"]
[BlackElo "2340"]
[Result "1-0"]
[Round "1"]
[TimeControl "180+2"]
[Date "2023.07.11"]
[WhiteClock "0:01:42"]
[BlackClock "0:01:26"]
[Board "136"]

1. e4 c5 2. Nf3 g6 3. g3 Bg7 4. Bg2 Nc6 5. O-O d6 6. c3 Nf6 7. Re1 O-O 8. h3 Rb8 9. d4 cxd4 10. cxd4 d5 11. e5 Ne4 12. Nbd2 Nxd2 13. Bxd2 e6 14. Bg5 f6 15. exf6 Bxf6 16. Bxf6 Qxf6 17. Rc1 Bd7 18. Qd2 Kg7 19. b4 a6 20. a4 Rf7 21. b5 axb5 22. axb5 Na7 23. b6 Nc6 24. Ne5 Nxe5 25. Rxe5 Bc6 26. Rce1 Re8 27. Qe3 Qd8 28. Rxe6 Rxe6 29. Qxe6 Rf6 30. Qe7+ Qxe7 31. Rxe7+ Rf7 32. Re5 Rd7 33. f4 Kf6 34. g4 h6 35. Kf2 g5 36. f5 h5 37. Re6+ Kf7 38. gxh5 Rd8 39. Kg3 Ra8 40. Re5 Kf6 41. Bxd5 Ra1 42. Bxc6 bxc6 43. Re6+ Kxf5 44. Rxc6 Ra3+ 45. Kg2 Kf4 46. h6 Ra2+ 47. Kf1 Rh2 48. b7 1-0


[Site "https://www.chess.com"]

[Event "Titled Tuesday Blitz July 11 Early 2023"]
[White "TomLiu777"]
[Black "Al-Tarboush, Ward"]
[BlackFideId "7601450"]
[WhiteElo "2339"]
[BlackElo "2605"]
[Result "0-1"]
[Round "1"]
[TimeControl "180+2"]
[Date "2023.07.11"]
[WhiteClock "0:00:01"]
[BlackClock "0:01:12"]
[Board "137"]

1. c4 c5 2. Nc3 Nc6 3. g3 g6 4. Bg2 Bg7 5. a3 a6 6. Rb1 Rb8 7. b4 cxb4 8. axb4 b5 9. cxb5 axb5 10. Nf3 d5 11. O-O Bf5 12. d4 Bxb1 13. Nxb1 Nxb4 14. Nc3 Nf6 15. Bf4 Rb7 16. e4 dxe4 17. Ne5 O-O 18. Nxe4 Nxe4 19. Bxe4 Nd5 20. Nc6 Qd7 21. Qf3 e6 22. Ne5 Qe7 23. h4 b4 24. h5 g5 25. h6 Bxh6 26. Qh5 gxf4 27. Qxh6 f5 28. Bxd5 exd5 29. Qc6 fxg3 30. Qxd5+ Kh8 31. Nc6 gxf2+ 32. Kxf2 Qh4+ 33. Ke2 Re8+ 34. Kd2 Qh2+ 35. Kc1 Rc7 36. Rh1 Qf4+ 37. Kb2 Qd2+ 38. Kb1 Re1+ 39. Rxe1 Qxe1+ 40. Ka2 Qd2+ 41. Ka1 Qc3+ 42. Kb1 Qxc6 43. Qe5+ Kg8 44. d5 Qc2+ 45. Ka1 Ra7# 0-1


[Site "https://www.chess.com"]

[Event "Titled Tuesday Blitz July 11 Early 2023"]
[White "Janaszak, Dawid"]
[Black "Rodriguez Santiago, Jaime"]
[WhiteFideId "1119206"]
[BlackFideId "3100898"]
[WhiteElo "2605"]
[BlackElo "2337"]
[Result "0-1"]
[Round "1"]
[TimeControl "180+2"]
[Date "2023.07.11"]
[WhiteClock "0:00:31"]
[BlackClock "0:00:25"]
[Board "138"]

1. e4 c6 2. d4 d5 3. exd5 cxd5 4. Bd3 Nc6 5. c3 Qc7 6. Ne2 Bg4 7. O-O Nf6 8. Qe1 e6 9. f3 Bh5 10. Nf4 Bg6 11. Qh4 Rg8 12. Nxg6 hxg6 13. Bg5 Bd6 14. Na3 a6 15. b4 O-O-O 16. f4 Rh8 17. Qe1 Rh7 18. b5 Bxa3 19. bxc6 Qxc6 20. Rb1 Rd7 21. h3 Rc7 22. Rb3 Bd6 23. Qb1 Ne4 24. Rb6 Qd7 25. Bxe4 dxe4 26. Qxe4 f6 27. Qxg6 Rh8 28. Re1 fxg5 29. Rxe6 Bxf4 30. Qd3 Re8 31. d5 Rxe6 32. Rxe6 Qb5 33. Qf5 Kb8 34. Qf8+ Ka7 35. Qe8 Qb6+ 36. Kf1 Qb1+ 37. Ke2 Qc2+ 38. Kf3 Rxc3+ 39. Kg4 Rg3+ 40. Kh5 Qh7+ 0-1


[Site "https://www.chess.com"]

[Event "Titled Tuesday Blitz July 11 Early 2023"]
[White "Shapiro, Daniel"]
[Black "Kumala, Aleksander"]
[WhiteFideId "2001780"]
[BlackFideId "1141880"]
[WhiteElo "2335"]
[BlackElo "2603"]
[Result "1-0"]
[Round "1"]
[TimeControl "180+2"]
[Date "2023.07.11"]
[WhiteClock "0:00:55"]
[BlackClock "0:01:10"]
[Board "139"]

1. d4 Nf6 2. c4 Nc6 3. Nf3 e6 4. a3 g6 5. Nc3 Bg7 6. e4 d6 7. Be2 O-O 8. O-O Re8 9. b4 e5 10. dxe5 Nxe5 11. Nxe5 Rxe5 12. f3 Nh5 13. g3 Bh3 14. Re1 Rxe4 15. Nxe4 Bxa1 16. Bg5 f6 17. Qd5+ Kg7 18. Rxa1 fxg5 19. Nxg5 Qf6 20. Re1 Re8 21. Nxh3 c6 22. Qd2 Kh8 23. Kg2 Ng7 24. Nf2 Nf5 25. Ng4 Qe7 26. Kf2 h5 27. Nh6 Ne3 28. Bd3 Kg7 29. Rxe3 Qxe3+ 30. Qxe3 Rxe3 31. Kxe3 Kxh6 32. Kf4 1-0


[Site "https://www.chess.com"]

[Event "Titled Tuesday Blitz July 11 Early 2023"]
[White "Sadykov, Ramil"]
[Black "Blokhin, Sofia"]
[WhiteFideId "24113590"]
[BlackFideId "4508190"]
[WhiteElo "2601"]
[BlackElo "2332"]
[Result "1-0"]
[Round "1"]
[TimeControl "180+2"]
[Date "2023.07.11"]
[WhiteClock "0:00:03"]
[BlackClock "0:00:00"]
[Board "140"]

1. d4 f5 2. g3 g6 3. Bg2 Nf6 4. c3 Bg7 5. Qb3 d5 6. Nh3 c6 7. Nf4 O-O 8. Nd2 Kh8 9. Nf3 Na6 10. Nd3 Nc7 11. O-O Ne4 12. Bf4 Ne6 13. Be5 Bxe5 14. Ndxe5 Ng7 15. Rad1 Qc7 16. Ne1 Be6 17. f3 Nd6 18. N1d3 Bg8 19. Rfe1 Nc4 20. e3 Nh5 21. Qc2 Nf6 22. b3 Nb6 23. c4 a5 24. cxd5 Nbxd5 25. a3 a4 26. b4 Nb6 27. Rc1 Bb3 28. Qb2 Rac8 29. e4 fxe4 30. fxe4 Nbd7 31. Nxd7 Qxd7 32. Nc5 Qg4 33. Nxb3 axb3 34. Qxb3 h5 35. Qe3 Kg7 36. Rc5 h4 37. Rg5 Qe6 38. gxh4 Nh5 39. Re5 Qf6 40. Rg5 Nf4 41. Rf1 Nxg2 42. Rxf6 Nxe3 43. Rgxg6+ Kh7 44. Rh6+ Kg7 45. Rfg6+ Kf7 46. Kf2 Rg8 47. Rxg8 Rxg8 48. Kxe3 Rg2 49. Rh7+ Kf6 50. Rh8 Rxh2 51. Rb8 Rh3+ 52. Kf4 Rxa3 53. Rxb7 Rh3 54. Kg4 Rh1 55. Rc7 Rc1 56. b5 Rc4 57. Rxc6+ 1-0


[Site "https://www.chess.com"]

[Event "Titled Tuesday Blitz July 11 Early 2023"]
[White "Sawyer, Bradley"]
[Black "Pinheiro, Iung Alicio de O."]
[WhiteFideId "2023784"]
[BlackFideId "2104350"]
[WhiteElo "2331"]
[BlackElo "2599"]
[Result "0-1"]
[Round "1"]
[TimeControl "180+2"]
[Date "2023.07.11"]
[WhiteClock "0:00:11"]
[BlackClock "0:00:16"]
[Board "141"]

1. Nf3 d5 2. b3 Nc6 3. Bb2 f6 4. d4 Bf5 5. g3 Nb4 6. Na3 Qd7 7. h3 g5 8. Bg2 h5 9. Qd2 e6 10. Rc1 Nxa2 11. Rd1 Bb4 12. c3 Nxc3 13. Bxc3 Bxa3 14. b4 a5 15. Ra1 Qa4 16. O-O Ne7 17. bxa5 Qb3 18. e3 Bd6 19. Rfc1 Kf7 20. Bf1 b5 21. axb6 cxb6 22. h4 gxh4 23. Nxh4 Be4 24. Bd3 Rxa1 25. Rxa1 Rc8 26. Bxe4 dxe4 27. Qe2 Qd5 28. Be1 Ng6 29. Nxg6 Kxg6 30. Kg2 b5 31. Rb1 b4 32. Rb2 Qc4 33. Qxc4 Rxc4 34. Kf1 Kf7 35. Ke2 Ke7 36. Kd1 Kd7 37. Rc2 Rc6 38. Rxc6 Kxc6 39. Kc2 Kb5 40. Kb3 f5 41. Bd2 Be7 42. Be1 Bd6 43. Bd2 Bf8 44. Be1 Be7 45. Bd2 h4 46. gxh4 Bxh4 47. Be1 Be7 48. Bd2 Bd6 49. Be1 Bf8 50. Bd2 Bd6 51. Be1 e5 52. dxe5 Bxe5 53. Bxb4 Kc6 54. Be1 Kd5 55. Bc3 Bh2 56. Kc2 Bg1 57. Be1 Kc4 58. Kd2 Bh2 59. Ke2 Be5 60. f3 Bc3 61. Bxc3 Kxc3 62. fxe4 fxe4 63. Kf2 Kd3 64. Kf1 Kxe3 65. Ke1 Kf3 66. Kf1 e3 67. Ke1 e2 0-1


[Site "https://www.chess.com"]

[Event "Titled Tuesday Blitz July 11 Early 2023"]
[White "Shukhman, Anna"]
[Black "Bogaudinov, Rushan"]
[WhiteFideId "54180058"]
[BlackFideId "4129288"]
[WhiteElo "2598"]
[BlackElo "2327"]
[Result "1-0"]
[Round "1"]
[TimeControl "180+2"]
[Date "2023.07.11"]
[WhiteClock "0:00:18"]
[BlackClock "0:00:05"]
[Board "142"]

1. e4 e6 2. d4 a6 3. c4 Nf6 4. Nc3 Bb4 5. e5 Ne4 6. Qc2 d5 7. Bd3 Nc6 8. Nf3 Nxc3 9. bxc3 Be7 10. O-O h6 11. h3 dxc4 12. Bxc4 b5 13. Bd3 Bb7 14. Be4 Na5 15. Bxb7 Nxb7 16. c4 O-O 17. Rd1 bxc4 18. Qxc4 Na5 19. Qa4 Qd5 20. Bd2 Nc4 21. Rdc1 Nxd2 22. Nxd2 c5 23. Nf3 Rfd8 24. dxc5 Bxc5 25. Rd1 Qb7 26. Rab1 Qa7 27. Qc2 Rxd1+ 28. Rxd1 Rb8 29. Ne1 Bd4 30. Qd2 Bxe5 31. Nd3 Bf6 32. Qa5 Rb5 33. Qa4 Rd5 34. Nb4 Rxd1+ 35. Qxd1 Qb7 36. Qa4 Qe4 37. Qa5 Kh7 38. Nxa6 Bd4 39. Qd2 Qb1+ 40. Kh2 Be5+ 41. g3 Qe4 42. Nc5 Qc6 43. Nd3 Bf6 44. Nf4 Bg5 45. Qd3+ g6 46. Ne2 Qa8 47. a3 Be7 48. Qd7 Qd8 49. Qxd8 Bxd8 50. a4 Bb6 51. Nc3 Bxf2 52. Ne4 Bb6 53. Nd6 Kg7 54. Nc8 Bc7 55. Ne7 Kf6 56. Nc6 Kf5 57. a5 Ke4 58. a6 f5 59. a7 Kd5 60. a8=Q Kd6 61. Nd4 e5 62. Qc6+ Ke7 63. Qxc7+ Kf6 64. Qd6+ Kg5 65. Qe7+ Kh5 66. Qh4# 1-0


[Site "https://www.chess.com"]

[Event "Titled Tuesday Blitz July 11 Early 2023"]
[White "Skuhala, Barbara"]
[Black "Kim, Sergey"]
[WhiteFideId "14605465"]
[BlackFideId "13700570"]
[WhiteElo "2326"]
[BlackElo "2598"]
[Result "1/2-1/2"]
[Round "1"]
[TimeControl "180+2"]
[Date "2023.07.11"]
[WhiteClock "0:00:54"]
[BlackClock "0:00:13"]
[Board "143"]

1. e4 e5 2. Nf3 Nc6 3. d4 exd4 4. Bc4 Nf6 5. e5 d5 6. Bb5 Ne4 7. Nxd4 Bc5 8. Bxc6+ bxc6 9. O-O Ba6 10. Re1 O-O 11. f3 Ng5 12. f4 Ne4 13. Be3 Bxd4 14. Bxd4 c5 15. Be3 f5 16. Nd2 d4 17. Bf2 Qd5 18. c3 Bb7 19. Nf3 Rad8 20. cxd4 Nxf2 21. Kxf2 cxd4 22. Qd3 c5 23. b3 Kh8 24. Rac1 h6 25. Qc4 Rc8 26. Qxd5 Bxd5 27. Nd2 Rfe8 28. Nc4 Re6 29. Nd6 Rc6 30. Nxf5 Ra6 31. Re2 Ra5 32. Ng3 g6 33. Rec2 g5 34. fxg5 hxg5 35. Rxc5 Rxa2+ 36. R1c2 Rxc2+ 37. Rxc2 Bxb3 38. Rc8+ Kg7 39. Rc7+ Kg6 40. Rxa7 Rxe5 41. Rd7 Rd5 42. Rxd5 Bxd5 43. Nf1 Kf5 44. g3 Kg4 45. h4 gxh4 46. gxh4 Kxh4 47. Nd2 Kg4 48. Ke2 Kf4 49. Kd3 Ke5 50. Nf1 Be4+ 51. Kd2 Kf4 52. Ke2 Bg2 53. Nd2 Be4 54. Nb3 d3+ 55. Kd2 Ke5 56. Nc5 Kd4 57. Nxd3 1/2-1/2


[Site "https://www.chess.com"]

[Event "Titled Tuesday Blitz July 11 Early 2023"]
[White "Nefedov, Sergey"]
[Black "San Thit Lwin"]
[WhiteFideId "24113417"]
[BlackFideId "13001272"]
[WhiteElo "2596"]
[BlackElo "2326"]
[Result "1-0"]
[Round "1"]
[TimeControl "180+2"]
[Date "2023.07.11"]
[WhiteClock "0:00:45"]
[BlackClock "0:00:32"]
[Board "144"]

1. d4 Nf6 2. Nf3 c5 3. c3 e6 4. Bf4 d5 5. e3 Bd6 6. Ne5 O-O 7. Nd2 Nc6 8. Bd3 cxd4 9. exd4 Qc7 10. Ndf3 Bd7 11. O-O Rac8 12. Re1 a6 13. Nxc6 Bxc6 14. Bxd6 Qxd6 15. Ne5 b5 16. a3 Rfd8 17. Re3 a5 18. Rh3 h6 19. Qd2 Be8 20. Re1 b4 21. axb4 axb4 22. Qf4 bxc3 23. bxc3 Rc7 24. Rxh6 Rdc8 25. Rh3 Rxc3 26. Qh4 Kf8 27. Qh8+ Ke7 28. Qxg7 Qb4 29. Ng6+ Kd6 30. Qxf6 Rxd3 31. Qe7+ Kc6 32. Qxb4 1-0


[Site "https://www.chess.com"]

[Event "Titled Tuesday Blitz July 11 Early 2023"]
[White "Fajdetic, Hrvoje"]
[Black "chess123456s"]
[WhiteFideId "14501945"]
[WhiteElo "2324"]
[BlackElo "2594"]
[Result "1-0"]
[Round "1"]
[TimeControl "180+2"]
[Date "2023.07.11"]
[WhiteClock "0:00:11"]
[BlackClock "0:00:46"]
[Board "145"]

1. d4 d5 2. Bf4 Nf6 3. e3 c5 4. Nc3 cxd4 5. exd4 a6 6. Bd3 Nc6 7. Nce2 Nb4 8. c3 Nxd3+ 9. Qxd3 g6 10. h3 Bf5 11. Qe3 Qb6 12. b3 Bg7 13. g4 Be6 14. Nf3 O-O 15. Ne5 Rac8 16. Bh6 Nd7 17. Bxg7 Kxg7 18. h4 Nxe5 19. Qxe5+ f6 20. Qg3 Qc7 21. Nf4 Bf7 22. Rc1 e5 23. dxe5 Qxe5+ 24. Kf1 d4 25. g5 fxg5 26. Nh5+ gxh5 27. Qxe5+ Kg8 28. Qxd4 Rfd8 29. Qf6 Bg6 30. Qxg5 Rf8 31. Rg1 Kh8 32. Qe5+ Kg8 33. Qxh5 Kg7 34. Qe5+ Kf7 35. h5 Bd3+ 36. Ke1 Rfe8 37. Qxe8+ Rxe8+ 38. Kd2 Bf5 39. Rge1 Rd8+ 40. Ke3 Bg4 41. h6 Rd6 42. Kf4 Bd7 43. Rh1 Bc6 44. Rh4 Rd2 45. Kg3 Rxa2 46. Rf4+ Kg6 47. Re1 Kxh6 48. Rg4 Rc2 49. f3 Rxc3 50. Rh1# 1-0


[Site "https://www.chess.com"]

[Event "Titled Tuesday Blitz July 11 Early 2023"]
[White "Krallis, Christos"]
[Black "DeyanKostov"]
[WhiteFideId "4298896"]
[WhiteElo "2593"]
[BlackElo "2321"]
[Result "1-0"]
[Round "1"]
[TimeControl "180+2"]
[Date "2023.07.11"]
[WhiteClock "0:00:22"]
[BlackClock "0:00:37"]
[Board "146"]

1. e4 c5 2. Nc3 Nc6 3. Bc4 e6 4. Nf3 Nf6 5. O-O d5 6. exd5 exd5 7. Bb5 d4 8. Re1+ Be7 9. Ne2 O-O 10. d3 a6 11. Bxc6 bxc6 12. Ng3 Nd5 13. Ne5 Qc7 14. Nc4 Be6 15. a3 Rae8 16. Bd2 Bd6 17. Qf3 Bxg3 18. hxg3 h6 19. Qh5 Kh7 20. Re2 Qa7 21. Rae1 Nf6 22. Qh4 Bxc4 23. dxc4 Rxe2 24. Rxe2 Re8 25. Rxe8 Nxe8 26. Qe4+ g6 27. Qxe8 Qb7 28. b3 Kg7 29. Qe5+ f6 30. Qxc5 d3 31. cxd3 Qxb3 32. Qe7+ Kg8 33. Qe8+ Kg7 34. Qe3 Qd1+ 35. Qe1 Qb3 36. Bc3 Qxa3 37. Bd4 Qd6 38. Qe3 a5 39. Bc5 Qd7 40. Qe7+ Qxe7 41. Bxe7 Kf7 42. Ba3 Ke6 43. d4 Kf5 44. f3 Ke6 45. Kf2 f5 46. Ke3 g5 47. g4 1-0


[Site "https://www.chess.com"]

[Event "Titled Tuesday Blitz July 11 Early 2023"]
[White "Samarth J Rao"]
[Black "Zavgorodniy, Sergiy"]
[WhiteFideId "46652370"]
[BlackFideId "14110148"]
[WhiteElo "2317"]
[BlackElo "2592"]
[Result "0-1"]
[Round "1"]
[TimeControl "180+2"]
[Date "2023.07.11"]
[WhiteClock "0:00:00"]
[BlackClock "0:00:36"]
[Board "147"]

1. e4 e5 2. Nf3 d6 3. d4 exd4 4. Nxd4 Nf6 5. Bd3 Be7 6. O-O O-O 7. c4 c6 8. Nc3 Re8 9. h3 Nbd7 10. Bf4 Ne5 11. Be2 Bf8 12. f3 a6 13. Rc1 Bd7 14. Qd2 b5 15. cxb5 axb5 16. a3 Nh5 17. Bg5 Be7 18. Bxe7 Qxe7 19. f4 Nc4 20. Bxc4 bxc4 21. Rce1 Rab8 22. g4 Nf6 23. e5 Nd5 24. Nxd5 cxd5 25. Qg2 dxe5 26. Qxd5 Qh4 27. Rxe5 Rxb2 28. Rf3 Rb1+ 29. Kg2 Reb8 30. Qxd7 h6 31. Ne2 Qe1 32. Re8+ Rxe8 33. Qe7 Rxe7 0-1


[Site "https://www.chess.com"]

[Event "Titled Tuesday Blitz July 11 Early 2023"]
[White "Weishaeutel, Moritz"]
[Black "Szente Varga, Fruzsina"]
[WhiteFideId "12967300"]
[BlackFideId "712264"]
[WhiteElo "2589"]
[BlackElo "2317"]
[Result "1-0"]
[Round "1"]
[TimeControl "180+2"]
[Date "2023.07.11"]
[WhiteClock "0:01:48"]
[BlackClock "0:00:12"]
[Board "148"]

1. e4 Nf6 2. Nc3 d5 3. e5 Nfd7 4. e6 fxe6 5. d4 Nf6 6. Nf3 g6 7. Bd3 Bg7 8. h4 c5 9. h5 c4 10. Be2 Nxh5 11. Ne5 Nf6 12. Bh6 O-O 13. Qd2 Nc6 14. Bxg7 Kxg7 15. Qh6+ Kg8 16. Nxg6 Rf7 17. O-O-O Rg7 18. Ne5 Qc7 19. f4 a6 20. g4 b5 21. g5 Ne4 22. Nxe4 dxe4 23. g6 Nxe5 24. gxh7+ Kh8 25. Qxg7+ Kxg7 26. h8=Q+ Kf7 27. dxe5 Bb7 28. Bh5# 1-0


[Site "https://www.chess.com"]

[Event "Titled Tuesday Blitz July 11 Early 2023"]
[White "Todorovic, Bojan"]
[Black "Safin, Robert"]
[WhiteFideId "917087"]
[BlackFideId "34189120"]
[WhiteElo "2315"]
[BlackElo "2587"]
[Result "0-1"]
[Round "1"]
[TimeControl "180+2"]
[Date "2023.07.11"]
[WhiteClock "0:00:00"]
[BlackClock "0:00:03"]
[Board "149"]

1. d4 Nf6 2. c4 e6 3. Nf3 d5 4. Bg5 Bb4+ 5. Nc3 dxc4 6. e4 c5 7. e5 cxd4 8. Nxd4 Qa5 9. exf6 Qxg5 10. fxg7 Qxg7 11. Nb5 O-O 12. Be2 a6 13. Nc7 Ra7 14. O-O b6 15. N3d5 exd5 16. Nxd5 Bc5 17. Bxc4 Be6 18. Qf3 Nd7 19. Rfe1 Ne5 20. Rxe5 Qxe5 21. Nf6+ Kh8 22. Bd3 Bd4 23. Ne4 Bd5 24. Re1 Bxe4 25. Bxe4 Re7 26. g3 f5 0-1


[Site "https://www.chess.com"]

[Event "Titled Tuesday Blitz July 11 Early 2023"]
[White "Karttunen, Mika"]
[Black "Lopez Del Alamo, Antonio"]
[WhiteFideId "502081"]
[BlackFideId "2227339"]
[WhiteElo "2587"]
[BlackElo "2310"]
[Result "0-1"]
[Round "1"]
[TimeControl "180+2"]
[Date "2023.07.11"]
[WhiteClock "0:00:00"]
[BlackClock "0:00:30"]
[Board "150"]

1. e4 c5 2. Nf3 e6 3. d4 cxd4 4. Nxd4 Nf6 5. Nc3 Nc6 6. Nxc6 bxc6 7. e5 Nd5 8. Ne4 Bb7 9. Be2 c5 10. O-O Qc7 11. Nd6+ Bxd6 12. exd6 Qc6 13. Bf3 c4 14. Bf4 O-O 15. Re1 Rac8 16. Bxd5 Qxd5 17. Qxd5 Bxd5 18. Re3 Rc6 19. Ra3 a6 20. Rd1 Rb8 21. b3 f6 22. h4 Kf7 23. Rd2 Rb5 24. Be3 e5 25. Ra4 Ke6 26. b4 Rxd6 27. Bc5 Rc6 28. Ra3 d6 29. Be3 Rxb4 30. f3 f5 31. f4 Rb1+ 32. Kf2 Be4 33. c3 d5 34. fxe5 Kxe5 35. Bd4+ Ke6 36. Bxg7 Kf7 37. Be5 Rg6 38. g3 Rh1 39. Ke3 Rb6 40. Kd4 Ke6 41. Bf4 Rf1 42. Kc5 Rfb1 43. Kd4 Rc6 44. Ke3 Rf1 45. Rb2 Rf3+ 46. Kd2 Rd3+ 47. Ke2 d4 48. Rb8 dxc3 49. Re8+ Kf7 50. Rh8 Kg6 51. Ra5 Rb6 52. h5+ Kf7 53. Rxh7+ Kg8 54. Rh6 Rb2+ 55. Ke1 c2 56. Rg6+ Kf7 0-1


[Site "https://www.chess.com"]

[Event "Titled Tuesday Blitz July 11 Early 2023"]
[White "Cardozo Munar, Carlos Eduardo"]
[Black "Arat, Ufuk Sezen"]
[WhiteFideId "4409477"]
[BlackFideId "6309089"]
[WhiteElo "2309"]
[BlackElo "2586"]
[Result "0-1"]
[Round "1"]
[TimeControl "180+2"]
[Date "2023.07.11"]
[WhiteClock "0:01:32"]
[BlackClock "0:02:01"]
[Board "151"]

1. d4 Nf6 2. Bg5 e6 3. e4 h6 4. Bxf6 Qxf6 5. c3 d5 6. Bd3 c5 7. Nd2 cxd4 8. cxd4 Nc6 9. e5 Qd8 10. Ngf3 Qb6 11. O-O Bd7 12. Nb3 a5 13. Rc1 a4 14. Nc5 Bxc5 15. Rxc5 Qxb2 16. Rb5 Qxa2 17. Rxb7 Rb8 18. Qb1 Qxb1 19. Rfxb1 Ke7 20. Rxb8 Rxb8 21. Rxb8 Nxb8 22. Ne1 a3 23. Nc2 a2 24. Na1 Nc6 25. Nb3 Nxd4 26. Nxd4 a1=Q+ 0-1


[Site "https://www.chess.com"]

[Event "Titled Tuesday Blitz July 11 Early 2023"]
[White "ATM622"]
[Black "AndresDelgado77"]
[WhiteElo "2585"]
[BlackElo "2307"]
[Result "1-0"]
[Round "1"]
[TimeControl "180+2"]
[Date "2023.07.11"]
[WhiteClock "0:01:47"]
[BlackClock "0:00:27"]
[Board "152"]

1. d4 d5 2. Bf4 c6 3. e3 Qb6 4. Qc1 Bf5 5. c4 e6 6. c5 Qd8 7. Nc3 Nd7 8. b4 a6 9. a4 f6 10. Nf3 g5 11. Bg3 h5 12. h3 Ne7 13. Be2 Ng6 14. Nd2 e5 15. Qd1 h4 16. Bh2 exd4 17. exd4 Qe7 18. O-O Bg7 19. b5 O-O 20. Bd6 Qf7 21. Bxf8 Ndxf8 22. bxc6 bxc6 23. Qb3 Ne6 24. Nf3 Be4 25. Nxe4 dxe4 26. Bc4 Ngf4 27. Nd2 Re8 28. Nxe4 Qg6 29. Nd6 Re7 30. Rfe1 f5 31. Bxe6+ Rxe6 32. Rxe6 Nxe6 33. Re1 1-0


[Site "https://www.chess.com"]

[Event "Titled Tuesday Blitz July 11 Early 2023"]
[White "Okike, David"]
[Black "Dobrikov, Marco"]
[WhiteFideId "8500134"]
[BlackFideId "12950378"]
[WhiteElo "2306"]
[BlackElo "2585"]
[Result "1-0"]
[Round "1"]
[TimeControl "180+2"]
[Date "2023.07.11"]
[WhiteClock "0:00:33"]
[BlackClock "0:00:18"]
[Board "153"]

1. e4 e6 2. d4 d5 3. Nc3 Nf6 4. e5 Nfd7 5. f4 c5 6. Nf3 Nc6 7. Be3 b6 8. Bb5 Qc7 9. O-O a5 10. Qd2 Ba6 11. a4 Bxb5 12. axb5 Ne7 13. g4 h5 14. f5 hxg4 15. fxe6 gxf3 16. exd7+ Qxd7 17. Rxf3 c4 18. Raf1 O-O-O 19. Rxf7 Qe6 20. Qg2 Ng6 21. Ra7 Kb8 22. Raf7 Bb4 23. Na4 Rdf8 24. Rxf8+ Rxf8 25. Rxf8+ Bxf8 26. h3 Kc7 27. Nc3 Ne7 28. Bg5 Nf5 29. Nxd5+ Kb8 30. c3 Qd7 31. Bf4 Ka7 32. Qg6 Qxd5 33. Qxf5 Be7 34. Be3 Qxb5 35. d5 Qxd5 36. Bd4 Ka6 37. Qc8+ Kb5 38. Qe8+ Ka6 39. Qxe7 Qf3 40. Qxg7 Qd1+ 41. Kh2 Qd2+ 42. Kg3 Qxb2 43. Qg4 a4 44. Qc8+ Kb5 45. Qd7+ Ka6 46. Qxa4+ Kb7 47. Qd7+ Ka6 48. Qg4 Qc1 49. Qf3 Qe1+ 50. Bf2 Qxe5+ 51. Qf4 Qxc3+ 52. Kg2 Qd3 53. Qe3 Qd5+ 54. Kh2 Qd6+ 55. Kg2 Qd5+ 56. Kg1 Qd1+ 57. Be1 Kb5 58. h4 Ka4 59. Kg2 b5 60. Qc3 Qg4+ 61. Kh2 Qf4+ 62. Kh3 Qf5+ 63. Kg3 Qg6+ 64. Kf3 Qf5+ 65. Ke2 Qe4+ 66. Kd1 Qb1+ 67. Kd2 Qe4 68. Qc2+ Qxc2+ 69. Kxc2 b4 70. Bxb4 Kxb4 71. h5 Kc5 72. h6 Kd4 73. h7 1-0


[Site "https://www.chess.com"]

[Event "Titled Tuesday Blitz July 11 Early 2023"]
[White "Altman, Joshua"]
[Black "Andreassen, Lars"]
[WhiteFideId "426210"]
[BlackFideId "1504878"]
[WhiteElo "2584"]
[BlackElo "2306"]
[Result "1-0"]
[Round "1"]
[TimeControl "180+2"]
[Date "2023.07.11"]
[WhiteClock "0:00:06"]
[BlackClock "0:00:00"]
[Board "154"]

1. e4 d6 2. Nf3 Nf6 3. Nc3 e5 4. d4 exd4 5. Nxd4 Be7 6. Be2 O-O 7. O-O h6 8. Be3 Re8 9. f3 Bf8 10. Qd2 d5 11. Nb3 dxe4 12. Qxd8 Rxd8 13. fxe4 Nc6 14. Bxh6 gxh6 15. Rxf6 Bg7 16. Rff1 a6 17. Nd5 Bxb2 18. Rad1 Kg7 19. Nxc7 Rxd1 20. Rxd1 Rb8 21. Bc4 Bg4 22. Rf1 Ne5 23. Bd3 Rc8 24. Nd5 Nxd3 25. cxd3 Be2 26. Rb1 Be5 27. d4 Bb8 28. h3 Bd3 29. Re1 Ba7 30. Ne7 Rc2 31. Nf5+ Kh7 32. Re3 Bc4 33. Nc5 Bxa2 34. Nd7 Be6 35. Nf6+ Kh8 36. Rg3 Rc8 37. Kh2 Bxf5 38. exf5 Bxd4 39. Ng4 Bc5 40. Rd3 h5 41. Ne5 Kg8 42. Nd7 Bb6 43. Nxb6 Rc5 44. Nd7 Rxf5 45. Rg3+ Kh7 46. Rb3 1-0


[Site "https://www.chess.com"]

[Event "Titled Tuesday Blitz July 11 Early 2023"]
[White "Dwilewicz, Katarzyna"]
[Black "Borgaonkar Akshay"]
[WhiteFideId "1148486"]
[BlackFideId "25639110"]
[WhiteElo "2305"]
[BlackElo "2583"]
[Result "0-1"]
[Round "1"]
[TimeControl "180+2"]
[Date "2023.07.11"]
[WhiteClock "0:00:56"]
[BlackClock "0:01:05"]
[Board "155"]

1. e4 e6 2. d4 d5 3. Nd2 Nf6 4. e5 Nfd7 5. Bd3 c5 6. c3 Nc6 7. Ne2 Be7 8. O-O O-O 9. Nf3 f6 10. Nf4 Nb6 11. Re1 fxe5 12. Nxe5 Nxe5 13. Rxe5 Rf6 14. Qg4 Nd7 15. Rh5 Nf8 16. Bd2 e5 17. Qh4 Rxf4 18. Bxh7+ Nxh7 19. Qg3 Rg4 20. Qh3 Rg6 21. Qd3 e4 22. Qe2 Bg4 0-1


[Site "https://www.chess.com"]

[Event "Titled Tuesday Blitz July 11 Early 2023"]
[White "Tologon tegin, Semetei"]
[Black "Romero Arzuaga, Yudel"]
[WhiteFideId "13800574"]
[BlackFideId "3521010"]
[WhiteElo "2583"]
[BlackElo "2303"]
[Result "1-0"]
[Round "1"]
[TimeControl "180+2"]
[Date "2023.07.11"]
[WhiteClock "0:01:19"]
[BlackClock "0:02:00"]
[Board "156"]

1. Nf3 d5 2. g3 e6 3. b3 Be7 4. Bb2 Nf6 5. c4 c6 6. Bg2 O-O 7. O-O Nbd7 8. d3 b6 9. Nbd2 Bb7 10. e4 dxe4 11. dxe4 c5 12. Qe2 Qc7 13. e5 Nh5 14. Ne4 Rfd8 15. Nfg5 g6 16. f4 h6 17. Nxf7 Kxf7 18. f5 exf5 19. Rxf5+ Kg8 20. Rxh5 gxh5 21. Qxh5 Bf8 22. e6 Bg7 23. Qf7+ 1-0


[Site "https://www.chess.com"]